 Dungeon Crawl Stone Soup version 0.28-a0-75-g15dc114455 (webtiles) character file.

Game seed: 8767861589045704527

32 HAL9000 the Changer (level 3, 0/28 HPs)
             Began as a Draconian Transmuter on Aug 2, 2021.
             Succumbed to an adder's poison
             ... on level 2 of the Dungeon.
             The game lasted 00:01:39 (1298 turns).

HAL9000 the Changer (Draconian Transmuter)          Turns: 1298, Time: 00:01:40

Health: 0/28       AC:  5    Str: 12    XL:     3   Next: 10%
Magic:  5/6        EV: 12    Int: 14    God:
Gold:   47         SH:  0    Dex: 11    Spells: 3/6 levels left

rFire   . . .      SeeInvis .     - Unarmed
rCold   . . .      Faith    .   (no shield)
rNeg    . . .      Spirit   .   (armour unavailable)
rPois   .          Reflect  .   (helmet currently unavailable)
rElec   .          Harm     .   (no cloak)
rCorr   .          Rampage  .   (no gloves)
Will    .....                   (boots currently unavailable)
Stlth   +.........              (no amulet)
HPRegen 0.09/turn               (no ring)
MPRegen 0.10/turn               (no ring)

@: lethally poisoned (0 -> -4), appendages
A: horns 2, talons 2, AC +5, unfitting armour, cold-blooded
a: End Transformation


You were on level 2 of the Dungeon.
You had temporarily grown beastly horns and talons.
You visited 1 branch of the dungeon, and saw 2 of its levels.

You collected 47 gold pieces.

Inventory:

Magical Staves
 b - a staff of earth
Scrolls
 c - a scroll of identify {unknown}
 e - a scroll of fog {unknown}
 f - a scroll of enchant weapon {unknown}
 h - a scroll of amnesia {unknown}
Potions
 a - 2 potions of curing {unknown}
 d - a potion of magic {unknown}
 g - a potion of degeneration {unknown}


   Skills:
 - Level 1.1 Fighting
 - Level 1.7 Dodging
 - Level 3.0 Unarmed Combat
 - Level 2.0 Spellcasting
 + Level 3.6 Transmutations


You had 3 spell levels left.
You knew the following spells:

 Your Spells              Type           Power      Damage    Failure   Level
a - Beastly Appendage     Tmut           22%        N/A       5%          1
b - Wereblood             Tmut           11%        N/A       9%          2

Your spell library contained the following spells:

 Spells                   Type           Power      Damage    Failure   Level
 Spider Form              Tmut/Pois      3%         N/A       34%         3
 Ozocubu's Armour         Ice            1%         N/A       56%         3
 Stone Arrow              Conj/Erth      2%         3d7       56%         3
 Ice Form                 Ice/Tmut       6%         N/A       75%         4
 Ozocubu's Refrigeration  Ice            0%         4d5       100%        7
 Lehudib's Crystal Spear  Conj/Erth      0%         10d2      100%        8
 Animate Armour           Summ/Erth      Unusable   N/A       N/A         4

Dungeon Overview and Level Annotations

Branches:
Dungeon (2/15)

Altars:


Innate Abilities, Weirdness & Mutations

You have temporarily grown beastly horns and talons.
Your plain brown scales are hard. (AC +5)
You cannot fit into any form of body armour.
You are cold-blooded and may be slowed by cold attacks.


Message History

The javelin pierces through the gnoll!
You kill the gnoll!
The adder closely misses you. The adder bites you but does no damage.
You have reached level 3!
Your experience leads to an increase in your attributes!
Increase (S)trength, (I)ntelligence, or (D)exterity?
You feel clever.
Your scales feel tougher.
Throw: javelin
Press: ? - help, Q - select action, (/) - cycle Shift-Dir - straight line, f - adder
Aim: an adder (32% to hit)
You throw a javelin. The javelin misses the adder.
The javelin pierces through the gnoll but does no damage.
The javelin pierces through the gnoll but does no damage.
The javelin barely misses the gnoll.
The adder closely misses you. The adder bites you but does no damage.
Casting: Beastly Appendage (safe; 5% risk of failure)
Confirm with . or Enter, or press ? or * to list all spells.
You grow a pair of large bovine horns.
Your feet morph into talons.
The adder bites you. The gnoll hits you but does no damage.
You closely miss the adder. The adder bites you.
You are poisoned.
The adder poisons you! The gnoll closely misses you. The adder bites you.
You are more poisoned.
The adder poisons you!
You closely miss the adder.
You feel very sick. The adder barely misses you. The gnoll closely misses you.
You closely miss the adder. Your kick misses the adder.
You feel very sick. The adder bites you but does no damage.
The gnoll barely misses you.
You barely miss the adder.
You feel sick. The adder barely misses you.
The gnoll hits you from afar with a +0 halberd!
* * * LOW HITPOINT WARNING * * *
* * * LOW HITPOINT WARNING * * *
You feel sick.
* * * LOW HITPOINT WARNING * * *
You feel sick. The adder bites you but does no damage.
* * * LOW HITPOINT WARNING * * *
You feel sick.
You die...

#.(# ##g# #.# .# #g#
.# #g# .# #########
#.##.# ####.......#
#.S#.# ..##.......#
##.#.# ..##.......#
#@#.#
..##.......#####...#
..##..........###..#
..########)...# #..#
..# #.<..# #..#
..########....###..#
..............'...>#
##########^...######
#....#


You could see 3 gnolls and an adder.

Vanquished Creatures
  A gnoll (D:2)
  6 endoplasms
  3 goblins (D:1)
  A quokka (D:1)
  A ball python (D:1)
  3 bats
  2 frilled lizards
  2 kobolds
  2 rats (D:1)
21 creatures vanquished.

Notes
Turn   | Place    | Note
-------+----------+-------------------------------------------
     0 | D:1      | HAL9000 the Draconian Transmuter began the quest for the
                  | Orb.
     0 | D:1      | Reached XP level 1. HP: 16/16 MP: 3/3
   263 | D:1      | Reached XP level 2. HP: 16/23 MP: 3/5
   480 | D:1      | Learned a level 2 spell: Wereblood
  1289 | D:2      | Reached XP level 3. HP: 26/28 MP: 6/6
  1297 | D:2      | HP: 1/28 [poisoned by an adder]
  1298 | D:2      | Succumbed to an adder's poison

Illustrated notes

Levels and vault maps discovered:
D:1:      saegor_arrival_simple_b, layout_loops_ring, chequers_avenue
D:2:      layout_basic, minivault_23

Skill      XL: |  1  2 |
---------------+-------+-----
Transmutations | 3 |  3.6
Fighting       | |  1.1
Dodging        | |  1.7
Unarmed Combat | |  3.0
Spellcasting   | |  2.0

Action                   || total
-------------------------++-------
Melee: Unarmed           ||    60
       Headbutt          ||     6
       Tailslap          ||     5
       Kick              ||     7
       Staff             ||     1
Throw: Javelin           ||     4
 Cast: Beastly Appendage ||    19
 Stab: Sleeping          ||     2
Armor: Skin              ||    28
Dodge: Dodged            ||    48

Table legend: (Time is in decaauts)
 A = Elapsed time spent in this place.
 B = Non-inter-level travel time spent in this place.
 C = Inter-level travel time spent in this place.
 D = Time resting spent in this place.
 E = Time spent auto-exploring this place.
 F = Levels seen in this place.
 G = Mean time per level.
                   A        B        C        D        E       F      G
               +--------+--------+--------+--------+--------+-----+--------+
         Total |   1299 |   1278 |     21 |     18 |   1064 |   2 |  649.5 |
       Dungeon |   1299 |   1278 |     21 |     18 |   1064 |   2 |  649.5 |
               +--------+--------+--------+--------+--------+-----+--------+

Top non-repeatable levels by time:
     D:1: 1084 daAuts
     D:2: 215 daAuts
